 Seeded DCSS version 0.30-a0-956-gcec3b41aec (webtiles) character file.

Game seed: 13137397067068997422 (custom seed)

334 mistaj the Shield-Bearer (level 6, -3/33 HPs)
             Began as a Vine Stalker Fighter on Mar 30, 2023.
             Killed by divine providence
             ... invoked by an orc priest
              (10 damage)
             ... on level 4 of the Dungeon.
             The game lasted 00:03:18 (2525 turns).

mistaj the Shield-Bearer (Vine Stalker Fighter)     Turns: 2525, Time: 00:03:20

Health: -3/33      AC:  7    Str: 27    XL:     6   Next: 53%
Magic:  0/7        EV:  9    Int:  8    God:
Gold:   144        SH:  9    Dex: 11    Spells: 5/5 levels left

rFire   . . .      SeeInvis .    a - +0 war axe
rCold   . . .      Faith    .    n - +0 buckler {reflect}
rNeg    . . .      Spirit   +    b - +0 scale mail
rPois   .          Reflect  +    (no helmet)
rElec   .          Rampage  .    (no cloak)
rCorr   .                        (no gloves)
Will    ++...                    k - +0 pair of boots Stlth
                                 m - amulet of reflection
HPRegen 1.05/turn                f - ring "Boeph" {Fly Will++ Str+7 Dex-3}
MPRegen 0.10/turn                (no ring)

@: flying
A: fangs 2, regeneration 1, magic shield, antimagic bite, no potion heal 2
a: no special abilities


You were on level 4 of the Dungeon.
You visited 1 branch of the dungeon, and saw 4 of its levels.

You collected 144 gold pieces.

Inventory:

Hand Weapons
 a - a +0 war axe (weapon)
Armour
 b - a +0 scale mail (worn)
 k - a +0 pair of boots (worn)
 n - a +0 buckler of reflection (worn)
Jewellery
 f - the ring "Boeph" (left hand) {Fly Will++ Str+7 Dex-3}
   (You acquired it on level 1 of the Dungeon)

   [ring of flight]

   Str:       It affects your strength (+7).
   Dex:       It affects your dexterity (-3).
   Fly:       It grants you flight.
   Will:      It greatly increases your willpower.
 m - an amulet of reflection (around neck)
Scrolls
 c - 2 scrolls of magic mapping {unknown}
 e - 6 scrolls of identify {unknown}
 j - a scroll of teleportation {unknown}
 l - a scroll of vulnerability {unknown}
 o - a scroll of poison {unknown}
 p - a scroll of silence {unknown}
Potions
 d - 2 potions of might
 g - 3 potions of curing {unknown}
 h - 2 potions of mutation {unknown}
 i - a potion of cancellation {unknown}


   Skills:
 + Level 4.3 Fighting
 + Level 3.7 Axes
 - Level 2.4 Armour
 + Level 4.3 Shields


You had 5 spell levels left.
You didn't know any spells.
Your spell library contained the following spells:

 Spells                   Type           Power      Damage    Failure   Level
 Freeze                   Ice            0%         1d3       77%         1
 Frozen Ramparts          Ice            0%         1d1       98%         3
 Hailstorm                Conj/Ice       0%         3d3       98%         3
 Yara's Violent Unravell  Hex/Tmut       0%         3d3       100%        5
 Enfeeble                 Hex            0%         N/A       100%        7


Dungeon Overview and Level Annotations

Branches:
Dungeon (4/15)
 Temple: D:4-7

Altars:
Ashenzari
Wu Jian


Innate Abilities, Weirdness & Mutations

You have extremely sharp teeth.
Your natural rate of healing is unusually fast.
When hurt, damage is shared between your health and your magic reserves.
Your bite disrupts and absorbs the magic of your enemies.
Potions cannot restore your health.


Message History

You miss something. Something hits you but does no damage.
The orc priest begins to cast a cantrip, but forgets the words!
You barely miss something. Your bite misses something. Something hits you.
You miss something. Your bite misses something.
Something hits you but does no damage.
You closely miss something. Your bite misses something. Something hits you.
Something hits you but does no damage.
The orc priest calls down the wrath of Beogh upon you.
Beogh smites you!
You closely miss something. Your bite misses something.
Something hits you but does no damage.
You barely miss something. Your bite misses something.
Something hits you but does no damage.
You miss something. Your bite misses something.
Something completely misses you. Something hits you.
You closely miss something. Your bite misses something. Something hits you.
You closely miss something. Your bite misses something.
An orc wizard appears from thin air!
Reactivating autopickup.
The orc wizard gestures at you while chanting.
The magic dart hits you!
The orc priest looks encouraged for a moment.
You barely miss the orc wizard.
You bite the orc wizard, but do no damage.
The orc wizard is severely wounded.
You block the orc wizard's attack.
The orc priest calls down the wrath of Beogh upon you.
Beogh smites you!
* * * LOW HITPOINT WARNING * * *
You block the orc wizard's attack.
You barely miss the orc wizard.
The orc wizard is severely wounded.
You block the orc wizard's attack.
You slash the orc wizard!
You kill the orc wizard!
You barely miss the orc priest.
The orc priest is heavily wounded.
The orc priest mumbles some strange prayers to Beogh against you.
Beogh smites you!
You die...

##### ....#
###.#############
#.)...........#
#############.#
#.########
#.@oo.....
##########


You could see an orc priest and an orc.

Vanquished Creatures
  Eustachio (D:4)
  Terence (D:3)
  2 orc wizards
  3 adders
  2 worms
  4 dart slugs
  8 orcs
  6 endoplasms
  7 giant cockroaches
  5 goblins
  6 hobgoblins
  2 quokkas
  5 ball pythons
  6 bats
  A frilled lizard (D:2)
  11 kobolds
  3 rats (D:2)
73 creatures vanquished.

Vanquished Creatures (others)
  3 demonic plants (D:3)
3 creatures vanquished.

Grand Total: 76 creatures vanquished

Notes
Turn   | Place    | Note
-------+----------+-------------------------------------------
     0 | D:1      | mistaj the Vine Stalker Fighter began the quest for the
                  | Orb.
     0 | D:1      | Reached XP level 1. HP: 11/11 MP: 2/2
   154 | D:1      | Reached XP level 2. HP: 8/16 MP: 3/3
   309 | D:1      | Identified a scroll of acquirement
   309 | D:1      | Acquired the ring "Boeph" {Fly Will++ Str+7 Dex-3}
   668 | D:1      | Reached XP level 3. HP: 20/20 MP: 4/4
   844 | D:2      | Found Xexamnid's Weapon Shoppe.
  1004 | D:2      | Gained mutation: Your natural rate of healing is unusually
                  | fast. [Vine Stalker growth]
  1004 | D:2      | Reached XP level 4. HP: 20/24 MP: 5/5
  1220 | D:3      | Acquired a +0 buckler of reflection
  1249 | D:3      | Found a faded altar of an unknown god.
  1266 | D:3      | Found an ornate altar of the Wu Jian Council.
  1624 | D:3      | Noticed Terence
  1635 | D:3      | Killed Terence
  1636 | D:3      | Reached XP level 5. HP: 25/29 MP: 3/6
  1727 | D:3      | Found a broken altar of Ashenzari.
  2471 | D:4      | Noticed Eustachio
  2483 | D:4      | Killed Eustachio
  2484 | D:4      | Reached XP level 6. HP: 33/33 MP: 7/7
  2525 | D:4      | Killed from afar by an orc priest

Illustrated notes

Levels and vault maps discovered:
D:1:      dpeg_arrival_long_road, layout_basic
D:2:      layout_rooms, serial_shops, nicolae_shop_bloodbath_and_beyond
D:3:      layout_loops_corners, lemuel_round_altar,
          mainiacjoe_overflow_alcove_4, shapermc_ecumenical_altar_gd,
          minmay_misc_feat_roman, uniq_terence
D:4:      cheibrodos_old_hovel, layout_basic, kennysheep_mini,
          nicolae_gozag_cash_rules_everything_around_me, zin_statuary,
          uniq_eustachio, uniq_duvessa, uniq_blork_the_orc, uniq_sigmund

Skill      XL: |  1  2  3  4  5 |
---------------+----------------+-----
Axes           | 2 3 |  3.7
Fighting       | 3 4 |  4.3
Shields        | 3 4 |  4.3
Armour         | |  2.4

Action                     |  1- 3 |  4- 6 || total
---------------------------+-------+-------++-------
  Melee: War axe           |    88 |   127 ||   215
         Bite              |    16 |    26 ||    42
    Use: Scroll            |     1 |     1 ||     2
 Armour: Scale mail        |    40 |    43 ||    83
  Dodge: Dodged            |    42 |    28 ||    70
  Block: Buckler           |    20 |    47 ||    67
         Reflection        |       |     2 ||     2

Table legend: (Time is in decaauts)
 A = Elapsed time spent in this place.
 B = Non-inter-level travel time spent in this place.
 C = Inter-level travel time spent in this place.
 D = Time resting spent in this place.
 E = Time spent auto-exploring this place.
 F = Levels seen in this place.
 G = Mean time per level.
                   A        B        C        D        E       F      G
               +--------+--------+--------+--------+--------+-----+--------+
         Total |   2612 |   2504 |    108 |    282 |   1615 |   4 |  653.0 |
       Dungeon |   2612 |   2504 |    108 |    282 |   1615 |   4 |  653.0 |
               +--------+--------+--------+--------+--------+-----+--------+

Top non-repeatable levels by time:
     D:3: 1226 daAuts
     D:1: 805 daAuts
     D:2: 382 daAuts
     D:4: 198 daAuts
